 Dungeon Crawl Stone Soup version 0.30.1 (webtiles) character file.

Game seed: 16910153415070084449

934 Arctor the Changer (level 8, -10/62 HPs)
             Began as an Octopode Transmuter on July 12, 2023.
             Was an Initiate of Makhleb.
             Mangled by an ogre
             ... wielding a +0 giant club
              (28 damage)
             ... on level 5 of the Dungeon.
             The game lasted 00:04:45 (4160 turns).

Arctor the Changer (Octopode Transmuter)            Turns: 4160, Time: 00:04:46

Health: -10/62     AC:  6    Str: 10    XL:     8   Next: 11%
Magic:  6/13       EV: 16    Int: 23    God:    Makhleb [......]
Gold:   268        SH:  0    Dex: 12    Spells: 9/14 levels left

rFire   x .          .
                       - Unarmed
rCold   + + +        (shield currently unavailable)
rNeg    . . .        (helmet currently unavailable)
rPois   +            (no amulet)
rElec   .            g - +6 ring of intelligence
rCorr   .            p - +5 ring of evasion
SInv    .            (no ring)
Will    .....        (no ring)
Stlth   +            (no ring)
HPRegen 0.30/turn    (no ring)
MPRegen 0.13/turn    (no ring)
                     (no ring)

%: no passive effects
@: ice-form, very slightly contaminated
A: freezing attack, boosted hp, almost no armour, amphibious, 8 rings, large,
(camouflage 1), (gelatinous body 1), (nimble swimmer 1), (tentacles), subdued
magic 1
a: End Transformation, Renounce Religion


You were on level 5 of the Dungeon.
You worshipped Makhleb.
Makhleb was noncommittal.
You were a creature of crystalline ice.
You visited 1 branch of the dungeon, and saw 5 of its levels.

You collected 268 gold pieces.

Inventory:

Jewellery
 f - a ring of fire
 g - a +6 ring of intelligence (left front paw)
 p - a +5 ring of evasion (right front paw)
Wands
 o - a wand of light (5)
 q - a wand of polymorph (12)
Scrolls
 c - a scroll of identify
 e - a scroll of poison
 h - a scroll of blinking
 l - a scroll of fog
 n - a scroll of enchant armour
Potions
 a - 5 potions of lignification
 b - a potion of degeneration {unknown}
 d - 2 potions of berserk rage {unknown}
 i - 2 potions of heal wounds {unknown}
 j - 3 potions of flight {unknown}
 k - 3 potions of curing {unknown}
 m - 2 potions of might {unknown}
 r - a potion of magic {unknown}


   Skills:
 + Level 3.5 Fighting
 + Level 3.9 Dodging
 + Level 4.6 Unarmed Combat
 + Level 3.7 Spellcasting
 * Level 5.3 Transmutations
 - Level 1.8 Ice Magic


You had 9 spell levels left.
You knew the following spells:

 Your Spells              Type           Power      Damage    Failure   Level
a - Beastly Appendage     Tmut           44%        N/A       1%          1
b - Ice Form              Ice/Tmut       16%        N/A       21%         4

Your spell library contained the following spells:

 Spells                   Type           Power      Damage    Failure   Level
 Wereblood                Tmut           22%        N/A       1%          2
 Magic Dart               Conj           12%        1d3       9%          1
 Spider Form              Tmut/Pois      12%        N/A       9%          3
 Cigotuvi's Dreadful Rot  Necr/Pois/Air  6%         N/A       13%         2
 Searing Ray              Conj           6%         2d4       13%         2
 Confusing Touch          Hex            3%         N/A       28%         3
 Summon Guardian Golem    Hex/Summ       3%         N/A       28%         3
 Yara's Violent Unravell  Hex/Tmut       6%         3d5       65%         5
 Dispel Undead            Necr           3%         3d7       67%         4
 Fulminant Prism          Conj/Hex       1%         3d5       67%         4
 Leda's Liquefaction      Hex/Erth       1%         N/A       67%         4
 Death Channel            Necr           1%         N/A       100%        6


Dungeon Overview and Level Annotations

Branches:
Dungeon (5/15)             Temple (0/1) D:5

Altars:
Elyvilon
Kikubaaqudgha
Makhleb
Nemelex Xobeh
Xom

Shops:
D:4 =


Innate Abilities, Weirdness & Mutations

You are a creature of crystalline ice.
You have a powerful freezing melee attack.
Your maximum health is increased.
Your armour is entirely melded.
You are incapable of wielding weapons or throwing items.
You cannot wear most types of armour.
You are amphibious.
You can wear up to eight rings at the same time.
((Your skin changes colour to match your surroundings (Stealth+).))
((Your rubbery body absorbs attacks. (AC +1, EV +1)))
((You are camouflaged when in or above water. (Stealth+)))
((You have tentacles for arms and can constrict up to eight enemies at once.))
Your spells are a little easier to cast, but a little less powerful.


Message History

The centaur hits you. The centaur kicks you. The gnoll completely misses you.
The centaur hits you but does no damage.
The centaur misses you.
You hit the centaur. You freeze the centaur.
The centaur is severely wounded.
The centaur hits you. The centaur closely misses you.
The gnoll barely misses you.
You hit the centaur. You freeze the centaur.
You kill the centaur!
Makhleb accepts your kill.
You have reached level 8!
You hit the gnoll but do no damage. You barely miss the gnoll.
The gnoll hits you with a +0 whip. The gnoll hits you with a +0 club.
You punch the gnoll! You freeze the gnoll.
You kill the gnoll!
Makhleb accepts your kill. The gnoll closely misses you.
You hit the gnoll. You freeze the gnoll.
The gnoll is severely wounded.
You hit the gnoll but do no damage.
The gnoll is severely wounded.
The gnoll barely misses you. The gnoll completely misses you.
You hit the gnoll but do no damage.
The gnoll is severely wounded.
The gnoll hits you with a +0 flail. The gnoll misses you.
You hit the gnoll. You freeze the gnoll.
You kill the gnoll!
Makhleb accepts your kill.
The centaur wields a +0 shortbow.
The centaur shoots an arrow.
The arrow closely misses you. The gnoll hits you with a +0 flail.
You punch the ogre! You freeze the ogre.
The ogre is moderately wounded.
The ogre completely misses you. The gnoll barely misses you.
You punch the ogre! You freeze the ogre.
The ogre is severely wounded.
The gnoll hits you with a +0 flail!
* * * LOW HITPOINT WARNING * * *
The ogre hits you with a +0 giant club!!
You die...

#.............○.##
....(.
#...............#.
......
#...............#.
......
#°.°.........○..
.##......
#...............
.......
#######8.8######
#.... #..## #..###
#.## #####....#
####.###
##..YOc##.#
#......###..##g##
#..........##...#
#.......#####.#...
#......## .. #..#
#.......# .## #.#
#>......# #. .#
#.......# ^ #
##...##.....


You could see an ogre, a centaur and a gnoll.

Vanquished Creatures
  A black bear (D:4)
  A centaur (D:5)
  A bullfrog (D:4)
  2 scorpions (D:4)
  A vampire bat (D:3)
  A crimson imp (D:4)
  2 orc priests
  Crazy Yiuf (D:3)
  Jessica (D:3)
  2 iguanas (D:4)
  Terence (D:3)
  Natasha (thrice) (D:3)
  2 orc wizards
  5 gnolls
  6 adders
  2 worms
  A dart slug (D:4)
  13 orcs
  2 bat skeletons (D:3)
  3 bat zombies (D:3)
  8 endoplasms
  2 giant cockroaches
  4 hobgoblins
  3 jackals (D:4)
  4 quokkas
  5 ball pythons
  4 bats
  A frilled lizard (D:1)
  7 goblins
  7 kobolds
  7 rats
103 creatures vanquished.

Notes
Turn   | Place    | Note
-------+----------+-------------------------------------------
     0 | D:1      | Arctor the Octopode Transmuter began the quest for the Orb.
     0 | D:1      | Reached XP level 1. HP: 13/13 MP: 3/3
   265 | D:1      | Reached XP level 2. HP: 16/18 MP: 3/5
   301 | D:1      | Got the Omnibus of Misfortune
   716 | D:2      | Reached XP level 3. HP: 19/23 MP: 4/6
   923 | D:2      | Found a sparkling altar of Nemelex Xobeh.
  1251 | D:3      | Noticed Terence
  1264 | D:3      | Killed Terence
  1265 | D:3      | Reached XP level 4. HP: 10/29 MP: 7/7
  1399 | D:3      | Noticed Jessica
  1406 | D:3      | Killed Jessica
  1407 | D:3      | Reached skill level 3 in Transmutations
  1437 | D:3      | Noticed Natasha
  1448 | D:3      | Killed Natasha
  1449 | D:3      | Reached XP level 5. HP: 7/34 MP: 6/9
  1560 | D:3      | Gained mutation: Your spells are a little easier to cast,
                  | but a little less powerful. [potion of mutation]
  1857 | D:3      | Learned a level 4 spell: Ice Form
  1892 | D:3      | Noticed Natasha
  1904 | D:3      | Killed Natasha
  1905 | D:3      | Reached XP level 6. HP: 27/41 MP: 5/10
  2088 | D:3      | Noticed Natasha
  2093 | D:3      | Killed Natasha
  2227 | D:3      | Found a runed translucent door.
  2228 | D:3      | Noticed Crazy Yiuf
  2293 | D:3      | Found an ancient bone altar of Kikubaaqudgha.
  2565 | D:3      | Killed Crazy Yiuf
  2566 | D:3      | Reached skill level 4 in Transmutations
  2661 | D:4      | Found Bamithea's Jewellery Shoppe.
  2690 | D:4      | Reached skill level 1 in Ice Magic
  2780 | D:4      | Reached XP level 7. HP: 43/45 MP: 11/11
  2977 | D:4      | HP: 2/46 [gnoll/+0 whip (7)]
  3493 | D:4      | Reached skill level 5 in Transmutations
  3652 | D:4      | Found a white marble altar of Elyvilon.
  3803 | D:4      | Found a shimmering altar of Xom.
  3803 | D:4      | Found a burning altar of Makhleb.
  3821 | D:4      | Became a worshipper of Makhleb the Destroyer
  3965 | D:5      | Entered Level 5 of the Dungeon
  4103 | D:5      | Found a staircase to the Ecumenical Temple.
  4152 | D:5      | Reached XP level 8. HP: 44/52 MP: 5/13
  4160 | D:5      | Mangled by an ogre

Illustrated notes

Levels and vault maps discovered:
D:1:      eino_arrival_water_cross, layout_rooms
D:2:      layout_rooms, basic_altar
D:3:      layout_rooms, kennysheep_vampire_church, lightli_corner_chamber,
          uniq_natasha, uniq_terence, uniq_crazy_yiuf_cottage, uniq_jessica
D:4:      layout_loops_ring, grunt_temple_overflow_champion_of_chaos,
          elyvilon_altar_1, serial_shops, shop, palyth_stone_intersect,
          skrybe_limestone_x, hangedman_abyss_or_decor_lesser_grid
D:5:      layout_rooms, nicolae_overflow_crystal_walls,
          lemuel_temple_firewalk_b, serial_shops, nicolae_shop_back_alley_shop

Skill      XL: |  1  2  3  4  5  6  7 |
---------------+----------------------+-----
Fighting       | 2 3 |  3.5
Transmutations | 3 4 5 |  5.3
Dodging        | 3 |  3.9
Spellcasting   | 3 |  3.7
Unarmed Combat | 4 |  4.6
Ice Magic      | 1 |  1.8

Action                     |  1- 3 |  4- 6 |  7- 9 || total
---------------------------+-------+-------+-------++-------
  Melee: Unarmed           |    74 |    90 |    96 ||   260
         Kick              |    27 |    24 |    24 ||    75
         Constrict         |    20 |    22 |    19 ||    61
         Tentacles         |    12 |    14 |    19 ||    45
         Punch             |     1 |     6 |     2 ||     9
   Cast: Beastly Appendage |    36 |    23 |    14 ||    73
         Ice Form          |       |     2 |     4 ||     6
    Use: Scroll            |       |     5 |       ||     5
         Potion            |       |     1 |       ||     1
   Stab: Sleeping          |     4 |     3 |     2 ||     9
 Armour: Skin              |     9 |     6 |    14 ||    29
  Dodge: Dodged            |    51 |    76 |   112 ||   239
